 Dungeon Crawl Stone Soup version 0.30-a0-719-gcc4359ea44 (webtiles) character file.

Game seed: 18019821066142273038

2494 drugrobin the Grappler (level 9, -14/72 HPs)
             Began as a Demigod Delver on Jan 26, 2023.
             Demolished by a two-headed ogre
             ... wielding a +0 giant spiked club
              (16 damage)
             ... on level 7 of the Dungeon.
             The game lasted 00:19:18 (6273 turns).

drugrobin the Grappler (Demigod Delver)             Turns: 6273, Time: 00:19:19

Health: -14/72     AC:  6    Str: 21    XL:     9   Next: 7%
Magic:  1/11       EV: 12    Int: 12    God:
Gold:   391        SH:  5    Dex: 19    Spells: 0/8 levels left

rFire   . . .      SeeInvis .      - Unarmed
rCold   . . .      Faith    .    (no shield)
rNeg    + . .      Spirit   .    P - +0 steam dragon scales
rPois   .          Reflect  +    (no helmet)
rElec   .          Harm     .    q - +0 cloak
rCorr   .          Rampage  .    (no gloves)
Will    .....                    (no boots)
Stlth   +++                      C - amulet of reflection
HPRegen 0.32/turn                x - ring of positive energy
MPRegen 0.12/turn                (no ring)

@: very slightly contaminated
A: high MP 1, forlorn, divine attributes
a: no special abilities


You were on level 7 of the Dungeon.
You visited 2 branches of the dungeon, and saw 8 of its levels.

You collected 391 gold pieces.

Inventory:

Hand Weapons
 b - a +2 dagger of venom
 c - a +0 shortbow
 d - a +0 sling
 l - a +2 heavy long sword
 O - a +2 hand axe of venom
Missiles
 v - a throwing net
 G - 2 datura-tipped darts (quivered)
 I - 3 atropa-tipped darts
Armour
 n - a scarf of repulsion
 q - a +0 cloak (worn)
 N - a +0 robe of cold resistance
 P - +0 steam dragon scales (worn)
Jewellery
 x - a ring of positive energy (left hand)
 C - an amulet of reflection (around neck)
 E - a ring of ice
Wands
 f - a wand of digging (2)
 H - a wand of mindburst (1)
 S - a wand of paralysis (3)
 T - a wand of polymorph (9)
Scrolls
 g - 2 scrolls of fog
 j - a scroll of enchant weapon {unknown}
 k - a scroll of poison {unknown}
 o - 3 scrolls of identify {unknown}
 p - a scroll of enchant armour {unknown}
 s - 2 scrolls of blinking {unknown}
 u - 3 scrolls of immolation {unknown}
 w - 2 scrolls of amnesia {unknown}
 y - a scroll of vulnerability {unknown}
 A - 2 scrolls of magic mapping
 B - a scroll of torment {unknown}
 L - a scroll of teleportation {unknown}
 M - 3 scrolls of fear
 Q - a scroll of butterflies {unknown}
Potions
 a - 2 potions of degeneration {unknown}
 e - 2 potions of haste
 h - 8 potions of curing {unknown}
 i - a potion of cancellation {unknown}
 m - 3 potions of might {unknown}
 r - 2 potions of mutation {unknown}
 t - 2 potions of berserk rage {unknown}
 z - a potion of magic {unknown}
 D - 2 potions of lignification {unknown}
 F - 2 potions of flight {unknown}
 J - a potion of brilliance {unknown}
 K - a potion of invisibility
 R - 2 potions of heal wounds {unknown}


   Skills:
 + Level 4.5 Fighting
 - Level 1.7 Dodging
 - Level 4.5 Stealth
 * Level 10.1 Unarmed Combat
 + Level 2.3 Translocations
 + Level 3.4 Evocations


You couldn't memorise any spells.
You knew the following spells:

 Your Spells              Type           Power      Damage    Failure   Level
a - Wereblood             Tmut           0%         N/A       45%         2
b - Blink                 Tloc           10%        N/A       21%         2
c - Gell's Gravitas       Tloc           5%         N/A       36%         3
d - Foxfire               Conj/Fire      0%         2x1d4     32%         1

Your spell library contained the following spells:

 Spells                   Type           Power      Damage    Failure   Level
 Necrotise                Necr           0%         1d4       32%         1
 Sandblast                Erth           0%         2d4       32%         1
 Teleport Other           Tloc           5%         N/A       36%         3
 Passwall                 Tmut/Erth      0%         N/A       45%         2
 Sublimation of Blood     Necr           0%         N/A       45%         2
 Stone Arrow              Conj/Erth      0%         3d7       69%         3
 Vampiric Draining        Necr           0%         2d6       69%         3
 Manifold Assault         Tloc           5%         N/A       78%         4
 Agony                    Necr           0%         N/A       100%        5
 Fireball                 Conj/Fire      0%         3d3       100%        5
 Yara's Violent Unravell  Hex/Tmut       0%         3d3       100%        5
 Dispersal                Tloc           2%         N/A       100%        6
 Starburst                Conj/Fire      0%         6d3       100%        6
 Enfeeble                 Hex            0%         N/A       100%        7
 Storm Form               Tmut/Air       0%         N/A       100%        7
 Summon Hydra             Summ           0%         N/A       100%        7


Dungeon Overview and Level Annotations

Branches:
Dungeon (7/15)             Temple (1/1) D:5

Shops:
D:7 (

Annotations:
D:6 Eustachio
D:7 Dowan, Duvessa


Innate Abilities, Weirdness & Mutations

You have an increased reservoir of magic. (+10% MP)
You shall have no god before yourself.
Your divine heritage dramatically boosts your attributes as you level up.


Message History

You shoot an arrow.
The arrow barely misses the two-headed ogre.
Unknown command.
Unknown command.
Unknown command.
Aiming: Mindburst
Press: ? - help, Shift-Dir - straight line, f/p - two-headed ogre
Aim: a two-headed ogre, wielding a +0 giant spiked club and a +0 giant club (almost dead, chance to affect: 62%)
The two-headed ogre resists with significant effort.
Unknown command.
Unknown command.
Unknown command.
You are now empty-handed.
Unknown command.
Unknown command.
You hit the two-headed ogre.
The two-headed ogre is almost dead.
The two-headed ogre hits you with a +0 giant spiked club!
The two-headed ogre closely misses you.
Unknown command.
Unknown command.
Casting: Blink (safe; 21% risk of failure)
Confirm with . or Enter, or press ? or * to list all spells.
You miscast Blink.
You are very lightly contaminated with residual magic.
Nothing appears to happen.
You block the two-headed ogre's attack.
The two-headed ogre hits you with a +0 giant club!!
* * * LOW HITPOINT WARNING * * *
Unknown command.
Unknown command.
Unknown command.
You hit the two-headed ogre.
The two-headed ogre is almost dead.
Unknown command.
Unknown command.
You closely miss the two-headed ogre.
The two-headed ogre is almost dead.
You block the two-headed ogre's attack.
The two-headed ogre hits you with a +0 giant club!
You die...

#.....#'#....# #.##.# #######
.............#######.##.# #.....#
......<............#....###......
......................##..'......
......................#...#...)..
..#........#####'##..............
###..............##.#............
# #.........#..#.##.#............
###.........#..O@................
.##..................#...........
.##..................+...........
.##..................#...........
.##..............................
.................................
..............#####+##.#...###...
.....##....#### #....##.## #...
.....##....# #########...###...


You could see a two-headed ogre.

Vanquished Creatures
  Pikel (D:6)
  Sigmund (D:3)
  3 steam dragons (D:7)
  A water moccasin (D:7)
  An ice beast (D:5)
  2 black bears (D:6)
  An ogre (D:5)
  2 centaurs
  3 lemures (D:6)
  A phantom (D:7)
  A bullfrog (D:6)
  2 necrophages
  2 scorpions
  A howler monkey (D:6)
  2 jellies
  2 hounds
  A gnoll bouda (D:6)
  Jessica (D:3)
  2 iguanas (D:6)
  6 orc wizards
  6 adders
  3 gnolls
  2 worms (D:3)
  A dart slug (D:2)
  10 orcs
  4 ball pythons
  A bat (D:2)
  7 endoplasms
  5 giant cockroaches
  11 goblins
  7 hobgoblins
  2 jackals (D:5)
  A quokka (D:1)
  3 frilled lizards
  10 kobolds
  4 rats
113 creatures vanquished.

Vanquished Creatures (others)
  A gnoll (D:6)
  16 foxfires (D:7)
17 creatures vanquished.

Grand Total: 130 creatures vanquished

Notes
Turn   | Place    | Note
-------+----------+-------------------------------------------
     0 | D:5      | drugrobin the Demigod Delver began the quest for the Orb.
     0 | D:5      | Reached XP level 1. HP: 18/18 MP: 3/3
    37 | D:5      | Noticed a necrophage
    62 | D:5      | Noticed an ice beast
   114 | D:5      | Noticed a hound
   196 | D:5      | Noticed an ogre
   241 | D:4      | Reached skill level 2 in Unarmed Combat
   454 | D:3      | Reached XP level 2. HP: 25/25 MP: 4/4
   560 | D:2      | Reached skill level 3 in Unarmed Combat
   721 | D:1      | Reached XP level 3. HP: 29/30 MP: 5/5
  1315 | D:2      | Reached skill level 4 in Unarmed Combat
  1378 | D:2      | Learned a level 2 spell: Wereblood
  1401 | D:2      | Reached XP level 4. HP: 37/37 MP: 6/6
  1943 | D:3      | Reached skill level 5 in Unarmed Combat
  1943 | D:3      | Reached XP level 5. HP: 42/42 MP: 7/7
  2117 | D:3      | Noticed Sigmund
  2123 | D:3      | Killed Sigmund
  2124 | D:3      | Reached skill level 6 in Unarmed Combat
  2124 | D:3      | Reached XP level 6. HP: 49/50 MP: 8/8
  2142 | D:3      | Noticed Jessica
  2239 | D:3      | Killed Jessica
  3022 | D:5      | Reached skill level 7 in Unarmed Combat
  3196 | D:5      | Found a staircase to the Ecumenical Temple.
  3206 | D:5      | Reached XP level 7. HP: 49/56 MP: 9/9
  3238 | Temple   | Entered the Ecumenical Temple
  3621 | D:5      | Reached skill level 8 in Unarmed Combat
  4364 | D:6      | Noticed Eustachio
  4641 | D:6      | Learned a level 2 spell: Blink
  4675 | D:6      | Reached skill level 1 in Evocations
  4790 | D:6      | Reached XP level 8. HP: 63/63 MP: 10/10
  4893 | D:7      | Reached skill level 9 in Unarmed Combat
  5055 | D:7      | Found Zozxafe's Antique Weapon Boutique.
  5071 | D:7      | Noticed a two-headed ogre
  5186 | D:7      | Noticed Pikel
  5333 | D:6      | Killed Pikel
  5334 | D:6      | Reached skill level 1 in Translocations
  5881 | D:7      | Reached skill level 10 in Unarmed Combat
  5891 | D:7      | Learned a level 3 spell: Gell's Gravitas
  6020 | D:7      | Reached XP level 9. HP: 72/72 MP: 11/11
  6029 | D:7      | Learned a level 1 spell: Foxfire
  6216 | D:7      | Noticed Duvessa
  6216 | D:7      | Noticed Dowan
  6271 | D:7      | HP: 2/72 [two-headed ogre/+0 giant spiked club (29)]
  6273 | D:7      | Demolished by a two-headed ogre

Illustrated notes

Levels and vault maps discovered:
D:1:      psy_arrival_dodecagon, layout_rooms
D:2:      layout_loops_ring, amcnicky_mini_corridor_feature,
          minmay_misc_feat_ornament, nicolae_underground_beach
D:3:      layout_loops_cross, mainiacjoe_overflow_paths,
          dreamdust_ecumenical_altar_statues, minmay_misc_feat_enclosed,
          grunt_ministairs_6, amcnicky_mini_pool_small,
          minmay_misc_feat_diagonals, uniq_sigmund, uniq_jessica
D:4:      layout_loops_ring, minmay_overflow_temple_star_quad
D:5:      layout_gridville, minmay_temple_entry_hall
D:6:      layout_cave_pods, uniq_eustachio
D:7:      cheibrodos_steamvent, layout_basic, xom_redecorated, serial_shops,
          shop, corexii_hall_statues_l, palyth_stone_intersect,
          dilly_guarded_unrand_devastator, uniq_pikel, uniq_duvessa
Temple:   nicolae_temple_elliptical

Skill      XL: |  1  2  3  4  5  6  7  8 |
---------------+-------------------------+-----
Unarmed Combat | 2 3 4 5 6 7 8 10 | 10.1
Fighting       | 3 4 |  4.5
Evocations     | 1 3 |  3.4
Translocations | 2 |  2.3
Dodging        | |  1.7
Stealth        | |  4.5

Action                     |  1- 3 |  4- 6 |  7- 9 || total
---------------------------+-------+-------+-------++-------
  Melee: Long sword        |    26 |       |       ||    26
         Dagger            |    78 |    77 |    60 ||   215
         Unarmed           |     2 |     9 |    86 ||    97
         Punch             |     1 |     4 |    12 ||    17
   Fire: Shortbow          |       |       |    13 ||    13
  Throw: Boomerang         |       |       |    22 ||    22
         Dart              |       |       |     5 ||     5
   Cast: Blink             |       |       |     4 ||     4
         Foxfire           |       |       |    10 ||    10
  Evoke: Wand              |       |     2 |    11 ||    13
   Stab: Sleeping          |    14 |     3 |     1 ||    18
         Distracted        |     1 |     1 |       ||     2
         Paralysed         |       |       |    15 ||    15
 Armour: Leather armour    |    24 |       |       ||    24
         Ring mail         |     2 |    24 |    17 ||    43
         Steam dragon scal |       |       |    20 ||    20
  Dodge: Dodged            |    49 |    30 |    96 ||   175
  Block: Other             |       |    13 |    44 ||    57
         Reflection        |       |     1 |     5 ||     6

Table legend: (Time is in decaauts)
 A = Elapsed time spent in this place.
 B = Non-inter-level travel time spent in this place.
 C = Inter-level travel time spent in this place.
 D = Time resting spent in this place.
 E = Time spent auto-exploring this place.
 F = Levels seen in this place.
 G = Mean time per level.
                   A        B        C        D        E       F      G
               +--------+--------+--------+--------+--------+-----+--------+
         Total |   6287 |   5951 |    336 |    878 |   3487 |   8 |  785.9 |
       Dungeon |   6028 |   5725 |    303 |    840 |   3346 |   7 |  861.1 |
        Temple |    258 |    225 |     33 |     38 |    141 |   1 |  258.0 |
               +--------+--------+--------+--------+--------+-----+--------+

Top non-repeatable levels by time:
     D:6: 1570 daAuts
     D:5: 971 daAuts
     D:3: 835 daAuts
     D:2: 774 daAuts
     D:4: 712 daAuts
     D:7: 662 daAuts
     D:1: 501 daAuts
  Temple: 258 daAuts
